 Dungeon Crawl Stone Soup version 0.19.5 (webtiles) character file.

720365 Peloso the Minotaur Barricade (level 27, -1/273 HPs)
             Began as a Minotaur Fighter on Apr 22, 2017.
             Was the Champion of Okawaru.
             Slain by a tentacled monstrosity (4 damage)
             ... on level 5 of the Realm of Zot on Apr 23, 2017.
             The game lasted 05:58:57 (90760 turns).

Peloso the Minotaur Barricade (Minotaur Fighter)   Turns: 90760, Time: 05:58:59

Health: -1/273     AC: 47    Str: 40      XL:     27
Magic:  0/34       EV: 13    Int:  5      God:    Okawaru [******]
Gold:   8206       SH:  0    Dex: 38 (39) Spells: 0 memorised, 26 levels left

rFire  + . .     SeeInvis +     R - +9 double sword (slice)
rCold  + + .     Gourm    .     B - +12 gold dragon scales
rNeg   . . .     Faith    +     U - +7 large shield of Depression {MR+ Dex+6}
rPois  +         Spirit   .     t - -1 hat of Neezxon {+Fly rC+ Int-2 Dex+7}
rElec  .         Reflect  .     o - +1 cloak of Impressiveness {Str+6}
rCorr  +         Harm     .     J - +0 pair of gloves of Parlour Games {rCorr Dex+3}
MR     +++..                    e - +2 pair of boots {Stlth+}
Stlth  ..........               h - amulet "Mygakor" {Faith rPois SInv}
                                O - ring "Ighuttud" {Dex+8 SInv}
                                n - +5 ring of strength

@: confused, hasted, constricted, very quick
A: retaliatory headbutt, horns 2, clever 1, screaming 1
a: Heroism, Finesse, Renounce Religion, Evoke Flight
}: 4/15 runes: decaying, slimy, silver, gossamer


You were on level 5 of the Realm of Zot.
You worshipped Okawaru.
Okawaru was exalted by your worship.
You were hungry.

You visited 13 branches of the dungeon, and saw 59 of its levels.
You also visited: Trove, Sewer, Bailey, Ice Cave, Volcano and Wizlab.

You collected 10282 gold pieces.
You spent 2076 gold pieces at shops.

Inventory:

Hand Weapons
 y - a +9 double sword of holy wrath
 L - the +8 double sword of Diotsifa {venom, rPois MR+}
   (Okawaru gifted it to you on level 5 of the Depths)

   It poisons the flesh of those it strikes.
   It protects you from poison.
   It affects your resistance to hostile enchantments.
 R - a +9 double sword of slicing (weapon)
Armour
 e - a +2 pair of boots of stealth (worn)
 o - the +1 cloak of Impressiveness (worn) {Str+6}
   (Okawaru gifted it to you on level 6 of the Lair of Beasts)

   It affects your strength (+6).
 t - the -1 hat of Neezxon (worn) {+Fly rC+ Int-2 Dex+7}
   (Okawaru gifted it to you on level 2 of the Elven Halls)

   It affects your intelligence (-2).
   It affects your dexterity (+7).
   It protects you from cold.
   It lets you fly.
 A - a +0 hat of see invisible
 B - +12 gold dragon scales (worn)
 J - the +0 pair of gloves of Parlour Games (worn) {rCorr Dex+3}
   (Okawaru gifted it to you on level 4 of the Lair of Beasts)

   It affects your dexterity (+3).
   It protects you from acid and corrosion.
 K - the +0 pair of gloves of Responsibility {rElec rPois MR- SInv}
   (Okawaru gifted it to you on level 2 of the Realm of Zot)

   It insulates you from electricity.
   It protects you from poison.
   It affects your resistance to hostile enchantments.
   It lets you see invisible.
 Q - a +1 cloak of magic resistance
 S - a +2 hat of spirit shield
 U - the +7 large shield of Depression (worn) {MR+ Dex+6}
   (You acquired it on level 5 of the Lair of Beasts)

   It affects your dexterity (+6).
   It affects your resistance to hostile enchantments.
Jewellery
 h - the amulet "Mygakor" (around neck) {Faith rPois SInv}
   (You bought it in a shop on level 5 of the Dungeon)

   [amulet of faith]

   It allows you to gain divine favour quickly.
   It protects you from poison.
   It lets you see invisible.
 n - a +5 ring of strength (left hand)
 O - the ring "Ighuttud" (right hand) {Dex+8 SInv}
   (You found it on level 3 of the Crypt)

   [ring of see invisible]

   It affects your dexterity (+8).
   It lets you see invisible.
 T - the ring of Cikishre {rF+ EV+2}
   (You found it on level 3 of the Realm of Zot)

   [ring of evasion]

   It affects your evasion (+2).
   It protects you from fire.
Wands
 i - a wand of digging (3/24)
 j - a wand of lightning (9/15)
 E - a wand of disintegration (14/24)
 F - a wand of disintegration (9/24)
 G - a wand of teleportation (6/9)
 P - a wand of slowing (14/48)
 W - a wand of teleportation (1/9)
Scrolls
 c - 19 scrolls of teleportation
 k - 39 scrolls of remove curse
 l - 3 scrolls of enchant weapon
 m - 16 scrolls of identify
 u - 5 scrolls of magic mapping
 x - a scroll of fog
 D - 6 scrolls of summoning
 H - a scroll of holy word
 I - 5 scrolls of fear
 V - 8 scrolls of recharging
 Y - a scroll of amnesia
Potions
 d - 7 potions of might
 f - a potion of ambrosia
 g - 25 potions of curing
 p - 4 potions of agility
 q - 5 potions of heal wounds
 r - 3 potions of invisibility
 w - a potion of cancellation
 z - 7 potions of haste
 C - a potion of cure mutation
 M - 6 potions of flight
 N - 3 potions of resistance
Comestibles
 a - 5 bread rations
 b - a slice of pizza
 s - 23 royal jellies
 v - 6 beef jerkies
 X - 3 meat rations


   Skills:
 O Level 27 Fighting
 O Level 27 Long Blades
 O Level 27 Armour
 + Level 6.9 Dodging
 + Level 5.3 Stealth
 O Level 27 Shields
 + Level 7.5 Invocations
 + Level 16.6 Evocations


You had 26 spell levels left.
You didn't know any spells.

Dungeon Overview and Level Annotations

Branches:
Dungeon (15/15)            Temple (1/1) D:6            Lair (6/6) D:10
  Swamp (4/4) Lair:4       Spider (4/4) Lair:3        Slime (5/5) Lair:6
    Orc (2/2) D:10            Elf (3/3) Orc:2        Vaults (5/5) D:14
  Crypt (3/3) Vaults:2       Tomb (1/3) Crypt:3      Depths (5/5) D:15
    Zot (5/5) Depths:5

Altars:
Ashenzari
Cheibriados
Dithmenos
Elyvilon
Fedhas
Gozag
Hepliaklqana
Kikubaaqudgha
Makhleb
Nemelex Xobeh
Okawaru
Qazlal
Ru
Sif Muna
Trog
Uskayaw
Vehumet
Xom
Yredelemnul
Zin
The Shining One
Beogh
Jiyva

Shops:
D:4 [   D:5 =[:%   D:8 ?*   Orc:2 :(%(   Vaults:2 ?[   Vaults:5 !   Depths:2 *
Depths:5 =}}

Portals:
Hell: Depths:1 Depths:2 Depths:3 Depths:4 Depths:5
Abyss: Depths:3 Depths:4 Depths:5
Pandemonium: Depths:3
Ziggurat: Depths:1


Innate Abilities, Weirdness & Mutations

You reflexively headbutt those who attack you in melee.
You have a pair of horns on your head.
Your mind is acute. (Int +2)
You occasionally shout uncontrollably at your foes.


Message History

You feel yourself speed up.
The wandering mushroom disappears in a puff of smoke! x2
The ghost moth stares at you.
You feel your power leaking away.
The ghost moth hits you but does no damage. x2
The ghost moth stings you but does no damage.
The yellow draconian hits you but does no damage.
The wandering mushroom releases spores at you but does no damage. x3
The deathcap draws from the surrounding life force!
* * * LOW HITPOINT WARNING * * *
The ghost moth hits you!
* * * LOW HITPOINT WARNING * * *
You feel clumsy.
The ghost moth hits you but does no damage.
The ghost moth stings you but does no damage.
The black draconian zealot hits you but does no damage.
The wandering mushroom barely misses you.
The tentacled monstrosity tentacle-slaps you but does no damage. x2
The tentacled monstrosity tentacle-slaps you.
You die...

,,,,,,,,,,,,,,,,,,,,,,,,,,,,,****
,,,,,,,,......,,,,,,<.....,,,*
,⌠,,,,,,......,,,,,,......,,,*
********#.....#**,,,....#,,,** **
*.......##*,,...##*,,,***,
*,.......##*,....##*,,,*,,
*,,,#...[f###.....##*,⌠,,,
*****#.§fff§........**,,,,
*#f§@qf........,***,,
##fXyf........,***,,
##d.z§<......,,,,,,
##.........$,,,,,,
##........q,,,*,,
##......d.,,,**, ##.......,,,,,,
*#......,,,,,, *******,,,,,,


You could see a tentacled monstrosity, a yellow draconian, a curse toe, a black
draconian zealot, a ghost moth (invisible), 3 deathcaps and 5 wandering
mushrooms.

Vanquished Creatures
  the Royal Jelly (Slime:5)
  4 ancient liches
  Mara (Swamp:4)
  An orb of fire (Zot:2)
  the Lernaean hydra (Swamp:4)
  Boris (thrice) (Vaults:2 Vaults:4 Depths:4)
  Xtahua (Crypt:3)
  A Killer Klown (Zot:4)
  5 curse toes
  Nikola (Vaults:1)
  2 bone dragons
  12 golden dragons
  Jory (Crypt:1)
  Arachne (Spider:3)
  2 electric golems (Zot:1)
  A Hellbinder (WizLab)
  Jorgrun (Vaults:4)
  12 tentacled monstrosities
  9 liches
  8 quicksilver dragons
  4 titans
  The ghost of coldbreeze the Fetichist, an adept KoGl of Okawaru (Vaults:2)
  2 deep elf blademasters (Elf:2)
  2 deep elf master archers
  22 acid blobs
  The ghost of murphvienna the Peltast, an adept MiFi of Okawaru (WizLab)
  Gastronok (Lair:1)
  3 ancient champions (Crypt:2)
  10 death cobs
  11 sphinxes
  3 thorn hunters
  The ghost of raetorn the Severer, an adept MiGl of Qazlal (Slime:4)
  16 shadow dragons
  19 storm dragons
  12 draconian monks
  17 tengu reavers
  16 azure jellies
  3 iron dragons
  11 deep elf sorcerers
  An orc warlord (Elf:3)
  9 fire giants
  6 frost giants
  9 draconian knights
  2 cacodemons (WizLab)
  3 emperor scorpions
  8 ghost moths
  4 draconian shifters
  5 draconian zealots
  16 vault wardens
  A curse skull (Crypt:3)
  Louise (Swamp:4)
  11 draconian scorchers
  8 ghouls
  8 deep elf elementalists
  19 stone giants
  A spriggan defender (Depths:4)
  7 very ugly things
  15 ironheart preservers
  8 draconian annihilators
  9 draconian callers
  10 entropy weavers
  7 war gargoyles
  14 vampire knights
  6 deep elf demonologists
  8 deep elf annihilators
  10 black draconians
  9 yellow draconians
  6 dire elephants (Lair:6)
  13 green draconians
  12 red draconians
  19 white draconians
  13 mottled draconians
  7 spark wasps
  10 purple draconians
  3 crystal guardians (Crypt:3)
  13 deep elf death magi
  2 eidola
  2 blizzard demons (WizLab)
  14 ettins
  A green death (WizLab)
  6 jiangshi
  A quicksilver dragon zombie (Crypt:3)
  6 deep elf high priests
  7 death oozes
  A mummy priest (Tomb:1)
  9 fire dragons
  17 yaktaur captains
  Josephine (D:15)
  5 rakshasas
  14 great orbs of eyes
  23 hydras
  12 ice dragons
  2 hell beasts
  25 vault guards
  A quicksilver dragon skeleton (Depths:1)
  An anaconda (Lair:6)
  A spriggan air mage (Depths:2)
  4 death knights
  5 deep troll shamans
  A large abomination (Vaults:5)
  20 ogre magi
  3 death yaks (IceCv)
  7 centaur warriors
  8 deep troll earth magi
  36 dancing weapons
  10 alligators
  A queen ant (Spider:2)
  5 death scarabs (Tomb:1)
  4 tengu warriors
  2 orc high priests
  5 spriggan berserkers
  Urug (D:11)
  2 titan zombies (Crypt:3)
  6 vampire magi
  A sun demon (WizLab)
  4 soul eaters (WizLab)
  2 storm dragon zombies
  17 deep elf knights
  2 shadow wraiths
  A titan skeleton (Vaults:4)
  A sixfirhy (Tomb:1)
  3 iron trolls
  Nergalle (Lair:2)
  39 skeletal warriors
  3 storm dragon skeletons
  2 spark wasp zombies
  8 hell knights
  29 deep trolls
  A ghost moth zombie (Crypt:3)
  6 flayed ghosts
  3 unseen horrors (Vaults:1)
  A small abomination (Vaults:5)
  3 spriggan druids
  A quicksilver dragon simulacrum (Crypt:2)
  4 glowing orange brains
  An entropy weaver zombie (Vaults:2)
  22 deep elf archers
  9 swamp dragons
  14 ironbrand convokers
  A lindwurm (Lair:6)
  2 shambling mangroves
  12 phantasmal warriors
  10 hill giants
  3 harpies (Vaults:1)
  An orange crystal statue (Elf:3)
  5 wizards
  An orb spider (shapeshifter) (Depths:4)
  An iron dragon zombie (Crypt:2)
  2 anaconda skeletons
  18 necromancers
  27 orc knights
  2 sphinx zombies (Depths:4)
  29 wolf spiders
  A fire giant zombie (Depths:1)
  2 manticores
  24 orb spiders
  75 deep elf magi
  A wolf spider (shapeshifter) (Vaults:5)
  10 shining eyes
  4 stone giant zombies
  A tengu skeleton (Vaults:5)
  33 ugly things
  A frost giant zombie (Crypt:2)
  2 orc sorcerers
  2 iron dragon skeletons
  8 cyclopes
  31 elephants
  A moth of wrath (shapeshifter) (D:14)
  2 frost giant skeletons
  18 moths of wrath
  Maurice (D:9)
  An alligator snapping turtle zombie (Crypt:2)
  4 black mambas
  Psyche (D:8)
  23 spiny frogs
  3 torpor snails
  3 eyes of devastation
  An ice statue (IceCv)
  A grey draconian zombie (Crypt:2)
  2 fire giant skeletons
  3 orange demons
  17 vault sentinels
  An elf skeleton (Depths:4)
  5 rime drakes
  2 gargoyles
  A smoke demon (Depths:1)
  17 freezing wraiths
  An efreet (D:13)
  2 ice devils (WizLab)
  12 komodo dragons
  The ghost of Sneal the Covert, a novice OpAs of Yredelemnul (D:4)
  3 kobold demonologists
  2 rime drakes (shapeshifter)
  5 tengu conjurers
  46 yaktaurs
  A yaktaur (shapeshifter) (Vaults:2)
  3 red devils (WizLab)
  10 demonic crawlers
  3 guardian mummies (Tomb:1)
  A queen ant zombie (Crypt:2)
  16 polar bears
  6 meliai
  3 golden dragon simulacra
  2 hellwings (Depths:1)
  3 queen bees
  A troll (shapeshifter) (Depths:3)
  A hornet (shapeshifter) (Vaults:1)
  2 wind drakes (shapeshifter)
  4 trolls
  2 meliai (shapeshifter)
  A tengu simulacrum (Vaults:5)
  32 two-headed ogres
  37 jumping spiders
  10 tyrant leeches
  22 hornets
  2 harpy skeletons
  An alligator zombie (Crypt:2)
  6 bog bodies
  A wolf spider simulacrum (Crypt:2)
  A fire dragon zombie (Crypt:3)
  121 slime creatures
  30 blink frogs
  A hippogriff (shapeshifter) (D:14)
  6 dream sheep (Lair:6)
  A fire giant simulacrum (Vaults:2)
  2 ice dragon zombies (Crypt:3)
  11 hippogriffs
  A satyr zombie (Crypt:1)
  35 flying skulls
  77 redbacks
  4 ice dragon skeletons
  A stone giant simulacrum (Depths:1)
  A centaur simulacrum (D:13)
  A spriggan simulacrum (Depths:3)
  3 ushabtiu (Tomb:1)
  4 shadows
  38 tarantellas
  6 air elementals
  69 yaks
  3 ettin skeletons
  A spriggan (shapeshifter) (Vaults:1)
  18 wraiths
  2 vampires
  24 spriggans
  A tarantella (shapeshifter) (Vaults:5)
  5 wyverns
  10 water elementals
  A wyvern (shapeshifter) (Vaults:2)
  The ghost of happy2pester the Shield-Bearer, an amateur HOFi (D:3)
  3 basilisks
  3 fire bats (D:13)
  6 fire elementals
  9 golden eyes
  A black mamba skeleton (Tomb:1)
  A hungry ghost (D:11)
  21 swamp worms
  A steam dragon (Lair:2)
  4 mottled dragons
  9 vampire mosquitoes
  14 insubstantial wisps
  Menkaure (D:4)
  11 wargs
  18 soldier ants
  2 hell hounds
  9 porcupines
  A deep troll skeleton (Crypt:1)
  62 orc warriors
  11 water moccasins
  3 floating eyes
  14 swamp drakes
  5 black bears
  4 phantoms
  A black bear (shapeshifter) (D:13)
  12 eyes of draining
  3 ice beasts
  5 sky beasts
  62 ogres
  3 boggarts
  8 necrophages
  43 wolves
  An elephant skeleton (Crypt:2)
  16 centaurs
  9 big kobolds
  A manticore skeleton (Crypt:3)
  A swamp dragon skeleton (Crypt:3)
  A torpor snail zombie (Crypt:2)
  16 crocodiles
  An elf zombie (D:9)
  3 earth elementals
  19 bullfrogs
  A bullfrog (shapeshifter) (D:14)
  A gnoll sergeant (D:12)
  A wyvern zombie (D:10)
  5 scorpions
  An elf simulacrum (Vaults:4)
  A swamp dragon simulacrum (Crypt:2)
  69 killer bees
  An orc simulacrum (Vaults:1)
  16 wights
  4 howler monkeys
  A spriggan skeleton (Crypt:1)
  3 electric eels
  6 crimson imps
  4 bullfrog zombies
  3 centaur zombies
  3 human simulacra
  7 hounds
  19 orc priests
  4 jellies
  14 orc wizards
  6 human zombies
  9 centaur skeletons
  An iron imp (WizLab)
  A bullfrog skeleton (D:12)
  7 iguanas
  34 worker ants
  7 hell rats (Lair:2)
  2 human skeletons
  4 hound skeletons
  10 mummies (Tomb:1)
  2 worker ant zombies
  6 gnolls
  A river rat (Sewer)
  15 adders
  3 shadow imps
  A white imp (Vaults:2)
  5 oozes
  An adder skeleton (D:4)
  6 worms
  A dart slug (D:4)
  8 leopard geckos
  143 orcs
  8 giant cockroaches
  3 goblins
  3 hobgoblins
  2 jackals (D:5)
  27 kobolds
  4 quokkas
  3 ball pythons (Sewer)
  A ball python zombie (Crypt:2)
  11 bats
  2 frilled lizards
  A kobold skeleton (Tomb:1)
  An orc zombie (D:9)
  10 rats
  A briar patch (Swamp:2)
  A crawling corpse (Vaults:5)
  2 fungi (Lair:1)
  2 plants (Lair:6)
3057 creatures vanquished.

Vanquished Creatures (collateral kills)
  7 orcs (Bailey)
7 creatures vanquished.

Vanquished Creatures (others)
  A sphinx (Tomb:1)
  A fire giant (Depths:3)
  A red draconian (Depths:5)
  2 yaktaurs (Depths:2)
  A jumping spider (Spider:1)
  3 spriggans (Swamp:2)
  A yak (IceCv)
  A swamp drake (Swamp:4)
  An orc warrior (Bailey)
  2 boggarts (Vaults:3)
  3 ogres (Depths:2)
  An orc (Bailey)
  4 fungi
  5 plants
27 creatures vanquished.

Grand Total: 3091 creatures vanquished

Notes
Turn   | Place    | Note
-------+----------+-------------------------------------------
     0 | D:1      | Peloso the Minotaur Fighter began the quest for the Orb.
     0 | D:1      | Reached XP level 1. HP: 19/19 MP: 0/0
   220 | D:1      | Reached XP level 2. HP: 26/27 MP: 1/1
  1153 | D:2      | Reached XP level 3. HP: 24/33 MP: 2/2
  1816 | D:3      | Reached XP level 4. HP: 40/41 MP: 3/3
  2049 | D:3      | Found a glowing drain.
  2057 | Sewer    | Entered a sewer
  2155 | Sewer    | Noticed a big kobold
  2184 | Sewer    | Killed a big kobold
  2184 | Sewer    | Reached skill level 5 in Shields
  2184 | Sewer    | Reached XP level 5. HP: 39/47 MP: 4/4
  2241 | Sewer    | Reached skill level 5 in Armour
  2241 | Sewer    | Reached skill level 1 in Dodging
  2241 | Sewer    | Reached XP level 6. HP: 43/53 MP: 5/5
  2592 | Sewer    | Reached skill level 5 in Long Blades
  2742 | Sewer    | Reached skill level 1 in Stealth
  2742 | Sewer    | Reached XP level 7. HP: 60/60 MP: 6/6
  2952 | D:3      | Noticed happy2pester's ghost (amateur HOFi)
  2974 | D:3      | Killed happy2pester's ghost
  2974 | D:3      | Reached skill level 5 in Fighting
  3212 | D:3      | Found a glowing golden altar of the Shining One.
  3575 | D:4      | Found a faded altar of an unknown god.
  3575 | D:4      | Found a faded altar of an unknown god.
  3580 | D:4      | Found a faded altar of an unknown god.
  3582 | D:4      | Found a faded altar of an unknown god.
  3584 | D:4      | Found an ancient bone altar of Kikubaaqudgha.
  3609 | D:4      | Noticed Menkaure
  3629 | D:4      | Killed Menkaure
  3709 | D:4      | Reached XP level 8. HP: 45/68 MP: 7/7
  3760 | D:4      | Found Acupan's Antique Armour Shop.
  3793 | D:4      | Found a bloodstained altar of Trog.
  3925 | D:4      | Noticed Sneal's ghost (novice OpAs)
  3936 | D:4      | Killed Sneal's ghost
  4252 | D:5      | Entered Level 5 of the Dungeon
  4302 | D:5      | Found Qonor's Jewellery Boutique.
  4498 | D:5      | Found Rienn's Antique Armour Boutique.
  4799 | D:5      | Reached XP level 9. HP: 59/77 MP: 8/8
  4811 | D:5      | Found Voeq Bimm's Book Emporium.
  4854 | D:5      | Found Ceus Ped's Food Emporium.
  5261 | D:6      | Found a staircase to the Ecumenical Temple.
  5276 | Temple   | Entered the Ecumenical Temple
  6490 | D:7      | Reached skill level 10 in Long Blades
  7080 | D:8      | Found a flagged portal.
  7162 | D:8      | Found Wummuo's General Store.
  7203 | Bailey   | Entered a bailey
  7395 | Bailey   | Reached XP level 10. HP: 31/86 MP: 9/9
  7559 | Bailey   | Noticed an orc knight
  7577 | Bailey   | Killed an orc knight
  7608 | Bailey   | Noticed an orc knight
  7651 | Bailey   | Killed an orc knight
  7770 | Bailey   | Noticed an orc knight
  7813 | Bailey   | Killed an orc knight
  8235 | D:8      | Found a hide-covered altar of Uskayaw.
  8235 | D:8      | Found an iron altar of Okawaru.
  8251 | D:8      | Became a worshipper of Warmaster Okawaru
  8385 | D:8      | Found Comp's Magic Scroll Emporium.
  8403 | D:8      | Bought a scroll of enchant armour for 90 gold pieces
  8403 | D:8      | Noticed Psyche
  8409 | D:8      | Paralysed by Psyche for 7 turns
  8417 | D:8      | Killed Psyche
  8510 | D:8      | Found a shadowy altar of Dithmenos.
  8515 | D:8      | Found a sparkling altar of Nemelex Xobeh.
  8586 | D:8      | Reached * piety under Okawaru
  8586 | D:8      | Reached skill level 10 in Armour
  9055 | D:9      | Noticed a brown ugly thing
  9069 | D:9      | Killed a brown ugly thing
  9075 | D:9      | Reached XP level 11. HP: 42/94 MP: 10/10
  9196 | D:9      | Reached ** piety under Okawaru
  9272 | D:9      | Reached skill level 10 in Shields
  9731 | D:9      | Found a basalt altar of Yredelemnul.
  9860 | D:9      | Noticed Maurice
  9874 | D:9      | Killed Maurice
 10017 | D:10     | Entered Level 10 of the Dungeon
 10089 | D:10     | Found a staircase to the Orcish Mines.
 10094 | D:10     | Found a stormy altar of Qazlal.
 10131 | D:10     | Reached *** piety under Okawaru
 10265 | Orc:1    | Entered Level 1 of the Orcish Mines
 10340 | D:10     | Found a roughly hewn altar of Beogh.
 10561 | D:5      | Bought the amulet "Mygakor" {Faith rPois SInv} for 720 gold pieces
 10927 | D:10     | Got a scorched shield
 10939 | D:10     | Identified the +1 shield "Omenety" {Str+4 Int+8 Dex-4 Stlth-} (You found it on level 10 of the Dungeon)
 11070 | D:10     | Found a staircase to the Lair.
 11461 | Lair:1   | Entered Level 1 of the Lair of Beasts
 11513 | Lair:1   | Got a bone mace
 11514 | Lair:1   | Identified the +6 mace "Jaupp" {drain, Dex+4} (You found it on level 1 of the Lair of Beasts)
 11552 | Lair:1   | Reached **** piety under Okawaru
 11819 | Lair:1   | Reached ***** piety under Okawaru
 11861 | Lair:1   | Noticed Gastronok
 11875 | Lair:1   | Killed Gastronok
 11875 | Lair:1   | Received a gift from Okawaru
 11875 | Lair:1   | Reached XP level 12. HP: 105/106 MP: 9/11
 11911 | Lair:1   | Reached skill level 10 in Fighting
 12234 | Lair:1   | Noticed an eight-headed hydra
 12244 | Lair:1   | Killed a four-headed hydra
 12587 | Lair:2   | Noticed Nergalle
 12610 | Lair:2   | Killed Nergalle
 12860 | Lair:2   | Received a gift from Okawaru
 13815 | Lair:3   | Found a dark tunnel.
 13822 | Volcano  | Entered a volcano
 13844 | Volcano  | Noticed a red draconian
 13856 | Volcano  | Killed a red draconian
 13856 | Volcano  | Reached ****** piety under Okawaru
 13856 | Volcano  | Received a gift from Okawaru
 13856 | Volcano  | Reached XP level 13. HP: 75/116 MP: 12/12
 14058 | Lair:3   | Found a hole to the Spider Nest.
 15091 | Lair:4   | Reached skill level 15 in Long Blades
 15155 | Lair:4   | Received a gift from Okawaru
 15158 | Lair:4   | Got a pair of warped gloves {god gift}
 15171 | Lair:4   | Identified the +0 pair of gloves of Parlour Games {rCorr Dex+3} (Okawaru gifted it to you on level 4 of the Lair of Beasts)
 15315 | Lair:4   | Found a staircase to the Swamp.
 16465 | Lair:5   | Reached XP level 14. HP: 127/127 MP: 13/13
 16711 | Lair:5   | Received a gift from Okawaru
 16723 | Lair:5   | Identified a scroll of acquirement
 16727 | Lair:5   | Got a spiked large shield
 16738 | Lair:5   | Identified the +7 large shield of Depression {MR+ Dex+6} (You acquired it on level 5 of the Lair of Beasts)
 17209 | Lair:6   | Entered Level 6 of the Lair of Beasts
 17253 | Lair:6   | Reached skill level 15 in Shields
 17597 | Lair:6   | Found a viscous altar of Jiyva.
 17598 | Lair:6   | Found a staircase to the Slime Pits.
 18174 | Lair:4   | Received a gift from Okawaru
 18801 | Lair:6   | Reached skill level 5 in Dodging
 18844 | Lair:6   | Received a gift from Okawaru
 18872 | Lair:6   | Got a steaming cloak {god gift}
 18883 | Lair:6   | Identified the +1 cloak of Impressiveness {Str+6} (Okawaru gifted it to you on level 6 of the Lair of Beasts)
 19310 | D:11     | Found a frozen archway.
 19329 | IceCv    | Entered an ice cave
 19942 | IceCv    | Noticed a frost giant
 19953 | IceCv    | Reached XP level 15. HP: 137/137 MP: 14/14
 19976 | IceCv    | Killed a frost giant
 19993 | IceCv    | Received a gift from Okawaru
 20240 | D:11     | Found an opulent altar of Gozag.
 20372 | D:11     | Noticed Urug
 20382 | D:11     | Killed Urug
 21531 | D:12     | Received a gift from Okawaru
 21541 | D:12     | Got a jewelled falchion {god gift}
 21542 | D:12     | Identified the +5 falchion of the Wilderness {holy, Int+3} (Okawaru gifted it to you on level 12 of the Dungeon)
 22089 | D:13     | Found an opulent altar of Gozag.
 22105 | D:13     | Found a runed door.
 22155 | D:13     | Found a blossoming altar of Fedhas.
 22168 | D:13     | Found a white marble altar of Elyvilon.
 22215 | D:13     | Found a sacrificial altar of Ru.
 22260 | D:13     | Found a glowing golden altar of the Shining One.
 22295 | D:13     | Found an opulent altar of Gozag.
 22702 | D:13     | Identified the Guide on Air
 23187 | D:14     | Received a gift from Okawaru
 23280 | D:14     | Found a gate to the Vaults.
 23541 | D:14     | Found a large runed door.
 23542 | D:14     | Found a large runed door.
 23562 | D:14     | Found an ancient bone altar of Kikubaaqudgha.
 23562 | D:14     | Noticed a sphinx
 23568 | D:14     | Paralysed by a sphinx for 3 turns
 23578 | D:14     | Killed a sphinx
 23585 | D:14     | Found a snail-covered altar of Cheibriados.
 23585 | D:14     | Noticed a frost giant
 23594 | D:14     | Killed a frost giant
 23887 | D:15     | Entered Level 15 of the Dungeon
 24029 | D:15     | Noticed Josephine
 24055 | D:15     | Killed Josephine
 24143 | D:15     | Received a gift from Okawaru
 24292 | D:15     | Found a portal to a secret trove of treasure.
 24347 | D:15     | Reached XP level 16. HP: 89/147 MP: 15/15
 24528 | D:15     | Found a staircase to the Depths.
 25270 | D:13     | Reached skill level 15 in Fighting
 26166 | Orc:2    | Entered Level 2 of the Orcish Mines
 26166 | Orc:2    | Found a staircase to the Elven Halls.
 26336 | Orc:2    | Found a roughly hewn altar of Beogh.
 26345 | Orc:2    | Found Tyaf's Food Shop.
 26395 | Orc:2    | Found Becw's Weapon Shoppe.
 26795 | Orc:2    | Found Ybues's Antique Weapon Shoppe.
 26814 | Orc:2    | Received a gift from Okawaru
 26817 | Orc:2    | Got a pair of faintly glowing boots {god gift}
 26834 | Orc:2    | Found Qepimem's Book Shop.
 26885 | Orc:2    | Identified the +2 pair of boots of Demons {rElec MR- Int+2} (Okawaru gifted it to you on level 2 of the Orcish Mines)
 27037 | Orc:2    | Found a roughly hewn altar of Beogh.
 27520 | Spider:1 | Entered Level 1 of the Spider Nest
 28288 | Spider:1 | Found a roughly hewn altar of Beogh.
 28974 | Spider:2 | Received a gift from Okawaru
 29032 | Spider:2 | Got a polished chain mail {god gift}
 29043 | Spider:2 | Identified the +0 chain mail "Miluh" {Int+2 Dex+3} (Okawaru gifted it to you on level 2 of the Spider Nest)
 29432 | Spider:2 | Reached XP level 17. HP: 127/157 MP: 16/16
 30306 | Spider:3 | Received a gift from Okawaru
 30660 | Spider:3 | Noticed Arachne
 30684 | Spider:3 | Killed Arachne
 31253 | Spider:4 | Entered Level 4 of the Spider Nest
 32282 | Spider:4 | Reached skill level 15 in Armour
 32503 | Spider:4 | Received a gift from Okawaru
 32886 | Spider:4 | Got a gossamer rune of Zot
 33661 | Swamp:1  | Entered Level 1 of the Swamp
 33751 | Swamp:1  | Reached XP level 18. HP: 168/168 MP: 17/17
 33896 | Swamp:1  | Reached skill level 1 in Evocations
 34044 | Swamp:1  | Received a gift from Okawaru
 35907 | Swamp:4  | Entered Level 4 of the Swamp
 35957 | Swamp:4  | Noticed Mara
 35994 | Swamp:4  | Noticed Peloso's illusion
 36379 | Swamp:4  | Noticed Peloso's illusion
 36525 | Swamp:4  | Noticed Peloso's illusion
 36902 | Swamp:4  | Noticed Louise
 36936 | Swamp:4  | Killed Louise
 37162 | Swamp:4  | Noticed Peloso's illusion
 37176 | Swamp:4  | Killed Mara
 37176 | Swamp:4  | Received a gift from Okawaru
 38390 | Swamp:4  | Noticed the 27-headed Lernaean hydra
 38409 | Swamp:4  | HP: 2/169 [the 26-headed Lernaean hydra (11)]
 38853 | Swamp:4  | Killed the 26-headed Lernaean hydra
 39440 | Swamp:4  | Got a decaying rune of Zot
 39948 | Vaults:1 | Entered Level 1 of the Vaults
 39948 | Vaults:1 | Noticed Nikola
 39963 | Vaults:1 | Killed Nikola
 39971 | Vaults:1 | Received a gift from Okawaru
 40493 | Vaults:1 | Received a gift from Okawaru
 40493 | Vaults:1 | Reached XP level 19. HP: 177/177 MP: 18/18
 42159 | Elf:1    | Entered Level 1 of the Elven Halls
 42218 | Elf:1    | Found a radiant altar of Vehumet.
 42647 | Elf:1    | Received a gift from Okawaru
 43752 | Elf:2    | Got a warped trident
 43774 | Elf:2    | Received a gift from Okawaru
 43946 | Elf:2    | Found a runed gate.
 44162 | Elf:2    | Found a runed gate.
 44163 | Elf:2    | Found a runed gate.
 44781 | Elf:3    | Entered Level 3 of the Elven Halls
 44797 | Elf:3    | Received a gift from Okawaru
 44827 | Elf:3    | Found a magical portal.
 44833 | WizLab   | Entered The Hall of the Hellbinder
 44854 | WizLab   | Reached XP level 20. HP: 173/189 MP: 19/19
 44889 | WizLab   | Gained mutation: Scrolls take you a little longer to read. [a cacodemon]
 45171 | WizLab   | Noticed Vash
 45173 | WizLab   | Found a burning altar of Makhleb.
 45201 | WizLab   | Killed Vash the Hellbinder
 45377 | WizLab   | Identified the Grimoire of Companions
 45489 | WizLab   | Identified Dispater's Tome of Creation
 45534 | WizLab   | Identified the +10 trident of Bloody Death {holy, *Corrode +Rage Int+7 Stlth-} (You found it on level 2 of the Elven Halls)
 45751 | WizLab   | Noticed murphvienna's ghost (adept MiFi)
 45778 | WizLab   | Killed murphvienna's ghost
 45778 | WizLab   | Received a gift from Okawaru
 48032 | Elf:2    | Received a gift from Okawaru
 48505 | Elf:2    | Got a crude scimitar {god gift}
 48508 | Elf:2    | Identified the +5 scimitar of Untruth {slice, Dex+7} (Okawaru gifted it to you on level 2 of the Elven Halls)
 49279 | Elf:2    | Received a gift from Okawaru
 49282 | Elf:2    | Got a pitted hat {god gift}
 49600 | Elf:2    | Identified the -1 hat of Neezxon {+Fly rC+ Int-2 Dex+7} (Okawaru gifted it to you on level 2 of the Elven Halls)
 49722 | Elf:3    | Got a faintly glowing iron ring
 49759 | Elf:2    | Identified the ring of Pyromania {rPois Str+4 Stlth+} (You took it off a deep elf sorcerer on level 3 of the Elven Halls)
 49893 | Elf:3    | Identified the Volume of Unholy Shape Shifting
 49928 | Elf:3    | Identified the Compendium of Companions
 51081 | Vaults:2 | Reached XP level 21. HP: 145/198 MP: 20/20
 51356 | Vaults:2 | Noticed Boris
 51375 | Vaults:2 | Killed Boris
 51507 | Vaults:2 | Noticed coldbreeze's ghost (adept KoGl)
 51517 | Vaults:2 | Killed coldbreeze's ghost
 51878 | Vaults:2 | Received a gift from Okawaru
 51934 | Vaults:2 | Reached skill level 27 in Shields
 52456 | Vaults:2 | Found Meroog's Armour Emporium.
 52580 | Vaults:2 | Found a staircase to the Crypt.
 52580 | Vaults:2 | Found a basalt altar of Yredelemnul.
 52581 | Vaults:2 | Found an ancient bone altar of Kikubaaqudgha.
 52594 | Vaults:2 | Found Ismoptor's Magic Scroll Boutique.
 52602 | Vaults:2 | Bought a scroll of enchant armour for 120 gold pieces
 52602 | Vaults:2 | Bought a scroll of enchant weapon for 120 gold pieces
 53429 | Vaults:3 | Received a gift from Okawaru
 54506 | Vaults:4 | Noticed Jorgrun
 54512 | Vaults:4 | Killed Jorgrun
 54542 | Vaults:4 | Reached XP level 22. HP: 211/211 MP: 21/21
 54801 | Vaults:4 | Noticed Boris
 54814 | Vaults:4 | Killed Boris
 55009 | Vaults:4 | Received a gift from Okawaru
 56086 | Vaults:5 | Entered Level 5 of the Vaults
 56338 | Vaults:4 | Received a gift from Okawaru
 56355 | Vaults:4 | Got a faintly glowing long sword {god gift}
 56356 | Vaults:4 | Identified the +5 long sword "Jielinanuch" {freeze, *Slow Str+6} (Okawaru gifted it to you on level 4 of the Vaults)
 57482 | Lair:1   | Lost mutation: Scrolls take you a little longer to read. [potion of cure mutation]
 57842 | Vaults:5 | Noticed a golden dragon
 57851 | Vaults:4 | Killed a golden dragon
 58652 | Vaults:4 | Received a gift from Okawaru
 58715 | Vaults:5 | Got a slimy chain mail
 58730 | Vaults:5 | Reached skill level 1 in Invocations
 59102 | Vaults:5 | Reached XP level 23. HP: 116/224 MP: 22/22
 59738 | Vaults:4 | Received a gift from Okawaru
 61097 | Vaults:5 | Received a gift from Okawaru
 61304 | Vaults:5 | Got a silver rune of Zot
 61397 | Vaults:5 | Got a slimy granite ring
 61436 | Vaults:5 | Noticed an ancient lich
 61443 | Vaults:5 | Killed an ancient lich
 61452 | Vaults:5 | Identified the +2 chain mail of Ygur {rC+} (You found it on level 5 of the Vaults)
 61453 | Vaults:5 | Identified the ring of Judoim {Int+4 Dex+2 Stlth+} (You took it off a deep elf mage on level 5 of the Vaults)
 61695 | Vaults:5 | Found Sizisch Saymu's Distillery.
 61702 | Vaults:5 | Bought a potion of might for 88 gold pieces
 61702 | Vaults:5 | Bought a potion of haste for 220 gold pieces
 61702 | Vaults:5 | Bought a potion of might for 88 gold pieces
 61702 | Vaults:5 | Bought a potion of resistance for 220 gold pieces
 61702 | Vaults:5 | Bought a potion of heal wounds for 110 gold pieces
 63653 | Vaults:1 | Received a gift from Okawaru
 64238 | Crypt:1  | Entered Level 1 of the Crypt
 64340 | Crypt:1  | Noticed Jory
 64353 | Crypt:1  | Killed Jory
 64379 | Crypt:1  | Reached XP level 24. HP: 230/237 MP: 22/22
 65216 | Crypt:2  | Received a gift from Okawaru
 65485 | Crypt:2  | Found an ancient bone altar of Kikubaaqudgha.
 65960 | Crypt:3  | Entered Level 3 of the Crypt
 66101 | Crypt:3  | Found a staircase to the Tomb.
 66111 | Crypt:3  | Got a glittering granite ring
 66131 | Crypt:3  | Identified the ring "Ighuttud" {Dex+8 SInv} (You found it on level 3 of the Crypt)
 66686 | Crypt:3  | Noticed an ancient lich
 66696 | Crypt:3  | Killed an ancient lich
 66710 | Crypt:3  | Found an ancient bone altar of Kikubaaqudgha.
 66801 | Crypt:3  | Received a gift from Okawaru
 67089 | Crypt:3  | Identified the Collected Works on Evil Magic
 67235 | Crypt:3  | Noticed Xtahua
 67247 | Crypt:3  | Killed Xtahua
 68076 | Slime:1  | Entered Level 1 of the Pits of Slime
 68181 | Slime:1  | Reached XP level 25. HP: 216/249 MP: 0/23
 68568 | Slime:2  | Gained mutation: You are frail. (-10% HP) [a shining eye]
 68589 | Slime:2  | Gained mutation: You occasionally shout uncontrollably at your foes. [a shining eye]
 68591 | Slime:2  | Gained mutation: You are dopey. (Int -2) [a shining eye]
 68968 | Slime:2  | Gained mutation: Your system is resistant to poisons. (rPois) [a shining eye]
 68969 | Slime:2  | Gained mutation: You are very frail. (-20% HP) [a shining eye]
 68971 | Slime:2  | Gained mutation: Armour fits poorly on your strangely shaped body. [a shining eye]
 69385 | Slime:3  | HP: 5/200 [acid (8)]
 69862 | Slime:3  | Received a gift from Okawaru
 69865 | Slime:3  | Gained mutation: You are very dopey. (Int -4) [a shining eye]
 69869 | Slime:3  | Gained mutation: Your magical capacity is low. (-10% MP) [a shining eye]
 69871 | Slime:3  | Gained mutation: Your flesh is heat resistant. (rF+) [a shining eye]
 69874 | Slime:3  | Gained mutation: You tend to lose your temper in combat. [a shining eye]
 69876 | Slime:3  | Gained mutation: Your spells are a little easier to cast, but a little less powerful. [a shining eye]
 70173 | Slime:4  | Gained mutation: You sometimes yell uncontrollably at your foes. [a shining eye]
 70176 | Slime:4  | Gained mutation: You are extremely frail. (-30% HP) [a shining eye]
 70887 | Slime:5  | Entered Level 5 of the Pits of Slime
 71257 | Slime:4  | Noticed raetorn's ghost (adept MiGl)
 71265 | Slime:4  | Gained mutation: You regenerate slowly when monsters are visible. [a shining eye]
 71270 | Slime:4  | Killed raetorn's ghost
 71566 | Lair:1   | Lost mutation: Armour fits poorly on your strangely shaped body. [potion of cure mutation]
 71566 | Lair:1   | Lost mutation: Your flesh is heat resistant. (rF+) [potion of cure mutation]
 71566 | Lair:1   | Lost mutation: Your spells are a little easier to cast, but a little less powerful. [potion of cure mutation]
 71566 | Lair:1   | Lost mutation: You are extremely frail. (-30% HP) [potion of cure mutation]
 71569 | Lair:1   | Lost mutation: You are very dopey. (Int -4) [potion of cure mutation]
 71569 | Lair:1   | Lost mutation: You regenerate slowly when monsters are visible. [potion of cure mutation]
 71569 | Lair:1   | Lost mutation: You are very frail. (-20% HP) [potion of cure mutation]
 71569 | Lair:1   | Lost mutation: You are frail. (-10% HP) [potion of cure mutation]
 71569 | Lair:1   | Lost mutation: You tend to lose your temper in combat. [potion of cure mutation]
 71856 | Slime:5  | Noticed the Royal Jelly
 71868 | Slime:5  | Killed the Royal Jelly
 71915 | Slime:5  | Received a gift from Okawaru
 71918 | Slime:5  | Got an ancient double sword {god gift}
 71934 | Slime:5  | Identified the +6 double sword "Looklag" {freeze, +Inv} (Okawaru gifted it to you on level 5 of the Pits of Slime)
 71965 | Slime:5  | Got an iridescent short sword
 71976 | Slime:5  | Got a brightly glowing platinum amulet
 71978 | Slime:5  | Got a sparkling silver amulet
 71999 | Slime:5  | Identified the amulet "Meabluedd" {*Drain rF++ Regen+ Str+4} (You found it on level 5 of the Pits of Slime)
 72000 | Slime:5  | Identified the amulet of Juacoret {Spirit rF+ Dex-3 SInv} (You found it on level 5 of the Pits of Slime)
 72075 | Slime:5  | Got a slimy rune of Zot
 72123 | Slime:5  | Identified the Disquisition on Toxic Calling
 72307 | Lair:1   | Identified the +3 short sword "Punampoliana" {freeze, Str+4 Stlth+} (You found it on level 5 of the Pits of Slime)
 72559 | Depths:1 | Entered Level 1 of the Depths
 72575 | Depths:1 | Got a pitted mace
 72690 | Depths:1 | Found a gateway to Hell.
 73170 | Depths:1 | Found a gateway to a ziggurat.
 73174 | Depths:1 | Gained mutation: You frequently scream uncontrollably at your foes. [a shining eye]
 73221 | Depths:1 | Lost mutation: Your magical capacity is low. (-10% MP) [potion of cure mutation]
 73221 | Depths:1 | Lost mutation: You frequently scream uncontrollably at your foes. [potion of cure mutation]
 73221 | Depths:1 | Lost mutation: You sometimes yell uncontrollably at your foes. [potion of cure mutation]
 73221 | Depths:1 | Lost mutation: You are dopey. (Int -2) [potion of cure mutation]
 73221 | Depths:1 | Lost mutation: Your system is resistant to poisons. (rPois) [potion of cure mutation]
 73377 | Depths:2 | Received a gift from Okawaru
 73450 | Depths:2 | Reached skill level 27 in Long Blades
 73558 | Depths:2 | Got a faintly glowing pewter ring
 73559 | Depths:2 | Identified the ring of Asoyri {+Fly Stlth+} (You found it on level 2 of the Depths)
 73561 | Depths:2 | Got a fine cloak
 73572 | Depths:2 | Identified the +1 cloak of Beauty {rElec} (You found it on level 2 of the Depths)
 73613 | Depths:2 | Found Lesen's Changing Room.
 73616 | Depths:2 | Reached XP level 26. HP: 264/264 MP: 23/23
 73666 | Depths:2 | Bought a potion of cure mutation for 300 gold pieces
 74017 | Depths:3 | Found a one-way gate leading to the halls of Pandemonium.
 74069 | Depths:3 | Reached skill level 27 in Fighting
 74136 | Depths:3 | Found a one-way gate to the infinite horrors of the Abyss.
 74201 | Depths:3 | Paralysed by a floating eye for 3 turns
 74258 | Depths:3 | Paralysed by a floating eye for 4 turns
 74293 | Depths:3 | Received a gift from Okawaru
 74318 | Depths:3 | Got a smoking cloak {god gift}
 74329 | Depths:3 | Identified the +2 cloak "Qynwaf" {+Blink Regen+} (Okawaru gifted it to you on level 3 of the Depths)
 74471 | Depths:3 | Identified the +7 mace "Loumuam" {drain, rElec Stlth+} (You found it on level 1 of the Depths)
 74482 | Depths:3 | Got an ancient long sword
 74483 | Depths:3 | Identified the +11 long sword of the Ring {elec, Str+4} (You found it on level 3 of the Depths)
 75707 | Depths:4 | Noticed an ancient lich
 76307 | Depths:3 | Killed an ancient lich
 76706 | Depths:4 | Identified the Compendium of Darkness
 76771 | Depths:4 | Noticed Boris
 76785 | Depths:4 | Killed Boris
 76804 | Depths:4 | Received a gift from Okawaru
 77660 | Depths:5 | Entered Level 5 of the Depths
 78090 | Depths:5 | Found Jautofi's Gadget Boutique.
 78091 | Depths:5 | Found Ylau's Jewellery Emporium.
 78093 | Depths:5 | Found Toecrath's Gadget Boutique.
 78161 | Depths:5 | Received a gift from Okawaru
 78170 | Depths:5 | Got a brightly glowing double sword {god gift}
 78173 | Depths:5 | Identified the +8 double sword of Diotsifa {venom, rPois MR+} (Okawaru gifted it to you on level 5 of the Depths)
 78449 | Depths:5 | Found a gate to the Realm of Zot.
 78749 | Depths:5 | Reached XP level 27. HP: 218/273 MP: 23/24
 79603 | Zot:1    | Entered Level 1 of the Realm of Zot
 79649 | Zot:1    | Found a huge runed gate.
 79649 | Zot:1    | Found a huge runed gate.
 79649 | Zot:1    | Found a huge runed gate.
 79649 | Zot:1    | Found a huge runed gate.
 79649 | Zot:1    | Found a huge runed gate.
 79649 | Zot:1    | Found a huge runed gate.
 79650 | Zot:1    | Found a huge runed gate.
 79650 | Zot:1    | Found a huge runed gate.
 79698 | Zot:1    | Found a huge runed gate.
 79699 | Zot:1    | Found a huge runed gate.
 79699 | Zot:1    | Found a huge runed gate.
 79725 | Zot:1    | Found a huge runed gate.
 79727 | Zot:1    | Found a huge runed gate.
 79773 | Zot:1    | Found a huge runed gate.
 79778 | Zot:1    | Found a huge runed gate.
 79783 | Zot:1    | Found a huge runed gate.
 79783 | Zot:1    | Found a huge runed gate.
 79783 | Zot:1    | Found a huge runed gate.
 79783 | Zot:1    | Found a huge runed gate.
 79783 | Zot:1    | Found a huge runed gate.
 79856 | Zot:1    | Received a gift from Okawaru
 79872 | Zot:1    | Got a crude hat {god gift}
 79883 | Zot:1    | Identified the +0 hat of the Good {rCorr Str+2 SInv} (Okawaru gifted it to you on level 1 of the Realm of Zot)
 80051 | Zot:1    | Identified Jeizarr's Guide on Flamy Enhancements
 80536 | Zot:1    | Found a huge runed gate.
 80744 | D:15     | You paid a toll of a wand of heal wounds (9) to enter a treasure trove
 80745 | Trove    | Entered a treasure trove
 80775 | Trove    | Got a glittering silver amulet
 80776 | Trove    | Identified the amulet of Giri {Harm *Drain rN+ Int+2} (You found it in a treasure trove)
 80800 | Trove    | Got a faintly glowing flail
 81220 | Lair:1   | Identified the +6 flail of Growth {drain, +Blink rF+ Int+4} (You found it in a treasure trove)
 81971 | Tomb:1   | Entered Level 1 of the Tomb of the Ancients
 82170 | Tomb:1   | Paralysed by a sphinx for 2 turns
 83678 | Zot:1    | Found a huge runed gate.
 83678 | Zot:1    | Found a huge runed gate.
 83678 | Zot:1    | Found a huge runed gate.
 83678 | Zot:1    | Found a huge runed gate.
 83702 | Zot:1    | Found a huge runed gate.
 83702 | Zot:1    | Found a huge runed gate.
 83702 | Zot:1    | Found a huge runed gate.
 83702 | Zot:1    | Found a huge runed gate.
 83702 | Zot:1    | Found a huge runed gate.
 83702 | Zot:1    | Found a huge runed gate.
 83702 | Zot:1    | Found a huge runed gate.
 83945 | Zot:1    | Reached skill level 27 in Armour
 84125 | Zot:1    | Reached skill level 5 in Evocations
 84362 | Zot:1    | Noticed an ancient lich
 84803 | Zot:1    | HP: 7/273 [green draconian scorcher/bolt of fire (11)]
 84803 | Zot:1    | HP: 2/273 [mottled draconian scorcher/fireball (5)]
 84810 | Zot:1    | HP: 6/273 [mottled draconian scorcher/damnation (33)]
 84829 | Zot:1    | Received a gift from Okawaru
 85462 | Zot:1    | Killed an ancient lich
 85885 | Zot:1    | Reached skill level 10 in Evocations
 86204 | Zot:2    | Received a gift from Okawaru
 86690 | Zot:2    | Received a gift from Okawaru
 86699 | Zot:2    | Got a pair of steaming gloves {god gift}
 86942 | Zot:2    | Noticed an orb of fire
 86954 | Zot:2    | Killed an orb of fire
 87246 | Zot:2    | Identified the +0 pair of gloves of Responsibility {rElec rPois MR- SInv} (Okawaru gifted it to you on level 2 of the Realm of Zot)
 87883 | Zot:2    | Reached skill level 5 in Invocations
 88151 | Zot:2    | Received a gift from Okawaru
 88780 | Zot:3    | Got a flickering marble ring
 88797 | Zot:3    | Identified the ring of Cikishre {rF+ EV+2} (You found it on level 3 of the Realm of Zot)
 88831 | Zot:3    | Gained mutation: Your mind is acute. (Int +2) [potion of beneficial mutation]
 88913 | Zot:3    | Reached skill level 15 in Evocations
 90000 | Zot:4    | Received a gift from Okawaru
 90364 | Zot:4    | Reached skill level 5 in Stealth
 90555 | Zot:5    | Entered Level 5 of the Realm of Zot
 90760 | Zot:5    | HP: 10/273 [deathcap/drain life[a curse toe] (7)]
 90760 | Zot:5    | HP: 3/273 [ghost moth (7)]
 90760 | Zot:5    | Slain by a tentacled monstrosity

Skill      XL: |  1  2  3  4  5  6  7  8  9 10 11 12 13 14 15 16 17 18 19 20 21 22 23 24 25 26 27 |
---------------+----------------------------------------------------------------------------------+-----
Fighting       | 4 5 6 7 8 9 11 12 13 14 15 16 17 18 19 20 22 23 25 26 27 | 27.0
Armour         | 4 5 6 7 8 10 11 12 13 14 15 16 17 18 19 20 21 25 27 | 27.0
Shields        | 4 5 6 7 9 11 13 14 17 19 20 22 23 25 26 27 | 27.0
Long Blades    | 3 4 5 7 9 10 11 13 14 15 16 17 18 19 20 21 23 24 25 27 | 27.0
Dodging        | 1 2 3 4 5 6 |  6.9
Stealth        | 1 3 4 5 |  5.3
Evocations     | 1 3 16 | 16.6
Invocations    | 1 7 |  7.5

Action                   |  1- 3 |  4- 6 |  7- 9 | 10-12 | 13-15 | 16-18 | 19-21 | 22-24 | 25-27 || total
-------------------------+-------+-------+-------+-------+-------+-------+-------+-------+-------++-------
Melee: Long sword        |    74 |   135 |   481 |   943 |    43 |       |       |       |       ||  1676
       Headbutt          |    10 |    20 |   102 |   278 |   717 |   859 |   679 |   536 |   890 ||  4091
       Demon blade       |       |       |       |       |  1560 |  2167 |   713 |       |       ||  4440
       Falchion          |       |       |       |       |       |    26 |   186 |       |       ||   212
       Double sword      |       |       |       |       |       |       |   841 |  1400 |  2172 ||  4413
Invok: Heroism           |       |       |       |     2 |     3 |     4 |     3 |     3 |     1 ||    16
Evoke: Wand              |       |       |     9 |     4 |       |     3 |       |     5 |     8 ||    29
  Use: Scroll            |       |       |    18 |     6 |    17 |     6 |    14 |    24 |    22 ||   107
       Potion            |       |       |     1 |     7 |       |     5 |     3 |     4 |    19 ||    39
 Stab: Invisible         |       |       |       |     8 |       |       |       |       |       ||     8
       Held in net/web   |       |       |       |       |       |     1 |       |       |       ||     1
       Distracted        |       |       |       |       |       |       |       |       |     1 ||     1
  Eat: Chunk             |     3 |     2 |    17 |    21 |    34 |    46 |    43 |    31 |    42 ||   239
       Fruit             |       |       |       |       |     2 |     6 |       |    14 |    24 ||    46
       Pizza             |       |       |       |       |       |     2 |     2 |     1 |     3 ||     8
       Beef jerky        |       |       |       |       |       |       |       |       |     4 ||     4
Armor: Scale mail        |    44 |     3 |       |       |       |       |       |       |       ||    47
       Chain mail        |       |    77 |   177 |       |       |       |       |       |       ||   254
       Plate armour      |       |       |    34 |   332 |   482 |   671 |   187 |       |       ||  1706
       Crystal plate arm |       |       |       |       |       |       |    31 |   159 |       ||   190
       Gold dragon scale |       |       |       |       |       |       |       |   240 |   742 ||   982
Dodge: Dodged            |    25 |    26 |   100 |   198 |   330 |   499 |   274 |   271 |   634 ||  2357
Block: Shield            |    46 |    59 |   283 |   529 |   284 |       |       |       |       ||  1201
       Large shield      |       |       |       |       |  1404 |  2987 |  2084 |  2067 |  3122 || 11664
       Rpst.: Long sword |     6 |     7 |    31 |    48 |     3 |       |       |       |       ||    95
       Demon blade       |       |       |       |       |    62 |    70 |    24 |       |       ||   156
       Double sword      |       |       |       |       |       |       |    29 |    37 |    82 ||   148
       Falchion          |       |       |       |       |       |       |     6 |       |       ||     6
